 Dungeon Crawl Stone Soup version 0.31-a0-496-g6f97920a28 (webtiles) character file.

Game seed: 6857720777285795488

0 CraigForest the Sneak (level 1, 16/16 HPs)
             Began as a Formicid Brigand on Aug 9, 2023.
             Got out of the dungeon alive.
             The game lasted 00:00:49 (26 turns).

CraigForest the Sneak (Formicid Brigand)              Turns: 26, Time: 00:00:49

Health: 16/16      AC:  3    Str: 15    XL:     1   Next: 11%
Magic:  1/1        EV: 11    Int: 10    God:
Gold:   0          SH:  0    Dex: 15    Spells: 0/0 levels left

rFire   . . .        a - +2 dagger
rCold   . . .        (no shield)
rNeg    . . .        b - +0 robe
rPois   .            (helmet unavailable)
rElec   .            c - +0 cloak
rCorr   .            (no gloves)
SInv    +            (no boots)
Will    .....        (no amulet)
Stlth   +++          (no ring)
HPRegen 0.22/turn    (no ring)
MPRegen 0.07/turn

%: no passive effects
@: no status effects
A: permanent stasis, dig shafts and tunnels, antennae 3, four strong arms
a: Dig, Shaft Self


You escaped.
You visited 1 branch of the dungeon, and saw 1 of its levels.

Inventory:

Hand Weapons
 a - a +2 dagger (weapon)
Missiles
 d - 9 poisoned darts (quivered)
 e - 3 curare-tipped darts
Armour
 b - a +0 robe (worn)
 c - a +0 cloak (worn)


   Skills:
 + Level 2.1 Fighting
 + Level 2.0 Short Blades
 + Level 2.0 Throwing
 + Level 0.8 Dodging
 + Level 4.9 Stealth


You couldn't memorise any spells.
You didn't know any spells.
Your spell library was empty.

Dungeon Overview and Level Annotations

Branches:
Dungeon (1/15)

Altars:


Innate Abilities, Weirdness & Mutations

You cannot be hasted, slowed, berserked, paralysed or teleported.
You can dig through walls and to a lower floor.
You have a pair of large antennae on your head. (SInv)
Your four strong arms can wield two-handed weapons with a shield.


Message History

Welcome, CraigForest the Formicid Brigand.
The marvelous Orb of Zot lies far below, as if waiting for you to find it.
Press ? for a list of commands and other information.
Found a scroll labelled FEAKIA BOGUSM.
Found a staircase leading out of the dungeon.
You aren't carrying any scrolls.
Found an escape hatch in the floor.
You sense a monster nearby.
You sense a monster nearby.
No target in view!
No target in view!
A rat comes into view.
You hit the rat.
You kill the rat!
No target in view!
No target in view!
An endoplasm comes into view.
You see here a scroll labelled FEAKIA BOGUSM.
As you read the scroll labelled FEAKIA BOGUSM, it crumbles to dust.
You assume a fearsome visage.
The endoplasm looks frightened!
The endoplasm quivers.
It was a scroll of fear.
Found 11 gold pieces.
Found an escape hatch in the floor.
No target in view!
There is an escape hatch in the floor here.
There is a staircase leading out of the dungeon here.
Okay, then.
You can't go down here!
You have escaped!

#..###... ........# {
{##.$.....# .
###>.......# ..##{ ###
##.##.......# ....
##.###..........#
..##..#@#>##..##......#
......................#
#####.................#
#....####.###.....#
#...### #...#.###.#
#... #.#.#.# .# #...
#.#...# # ##.. #.##...
#.. #.###.#


There were no monsters in sight!

Vanquished Creatures
  A rat (D:1)
1 creature vanquished.

Notes
Turn   | Place    | Note
-------+----------+-------------------------------------------
     0 | D:1      | CraigForest the Formicid Brigand began the quest for the
                  | Orb.
     0 | D:1      | Reached XP level 1. HP: 16/16 MP: 1/1
    26 | D:$      | Got out of the dungeon alive.

Illustrated notes

Levels and vault maps discovered:
D:1:      onia_arrival_handbag, layout_rooms, serial_curves, eino_curves_02,
          eino_curves_02, minmay_3d_cube

Action                     || total
---------------------------++-------
  Melee: Dagger            ||     1
    Use: Scroll            ||     1

Table legend: (Time is in decaauts)
 A = Elapsed time spent in this place.
 B = Non-inter-level travel time spent in this place.
 C = Inter-level travel time spent in this place.
 D = Time resting spent in this place.
 E = Time spent auto-exploring this place.
 F = Levels seen in this place.
 G = Mean time per level.
                   A        B        C        D        E       F      G
               +--------+--------+--------+--------+--------+-----+--------+
         Total |     25 |      7 |     18 |      0 |      0 |   1 |   25.0 |
       Dungeon |     25 |      7 |     18 |      0 |      0 |   1 |   25.0 |
               +--------+--------+--------+--------+--------+-----+--------+

Top non-repeatable levels by time:
     D:1: 25 daAuts
